 Dungeon Crawl Stone Soup version 0.27-a0-1123-g2f9bb313c0 (webtiles) character file.

Game seed: 1211632708449815050

9 Zeld the Skirmisher (level 2, 0/21 HPs)
             Began as an Octopode Fighter on May 3, 2021.
             Succumbed to a goblin's poison
             ... on level 1 of the Dungeon.
             The game lasted 00:00:27 (345 turns).

Zeld the Skirmisher (Octopode Fighter)               Turns: 345, Time: 00:00:27

Health: 0/21       AC:  1    Str: 15    XL:     2   Next: 12%
Magic:  2/2        EV: 11    Int: 10    God:
Gold:   0          SH:  8    Dex: 11    Spells: 1/1 levels left

rFire    . . .     SeeInvis .   a - +0 war axe
rCold    . . .     Faith    .   b - +0 kite shield
rNeg     . . .     Spirit   .   (helmet restricted)
rPois    .         Reflect  .   (no amulet)
rElec    .         Harm     .   (no ring)
rCorr    .         Rampage  .   (no ring)
Will     .....                  (no ring)
Stlth    ++........             (no ring)
HPRegen  0.07/turn              (no ring)
MPRegen  0.08/turn              (no ring)
                                (no ring)
                                (no ring)

@: lethally poisoned (0 -> -4)
A: almost no armour, amphibious, 8 rings, camouflage 1, gelatinous body 1,
(nimble swimmer 1), tentacles
a: no special abilities


You were on level 1 of the Dungeon.
You visited 1 branch of the dungeon, and saw 1 of its levels.

Inventory:

Hand Weapons
 a - a +0 war axe (weapon)
Armour
 b - a +0 kite shield (worn)
Jewellery
 d - an amulet of faith
Potions
 c - a potion of might
 e - a potion of curing {unknown}


   Skills:
 * Level 3.2 Fighting
 * Level 2.2 Axes
 - Level 3.0 Dodging
 * Level 3.2 Shields


You had one spell level left.
You didn't know any spells.
Your spell library was empty.

Dungeon Overview and Level Annotations

Branches:
Dungeon (1/15)

Altars:

Shops:
D:1 [


Innate Abilities, Weirdness & Mutations

You cannot wear most types of armour.
You are amphibious.
You can wear up to eight rings at the same time.
Your skin changes colour to match your surroundings (Stealth+).
Your rubbery body absorbs attacks. (AC +1, EV +1)
((You are camouflaged near water. (Stealth+)))
You have tentacles for arms and can constrict up to eight enemies at once.


Message History

The kobold hits you with a +0 short sword.
You closely miss the kobold. Your grab misses the kobold.
Your squeeze misses the kobold. You block the kobold's attack.
The kobold completely misses you.
You slash the kobold!
You kill the kobold!
You have reached level 2!
Things that are here:
a +0 short sword; 4 stones; a kobold corpse An endoplasm comes into view.
The endoplasm quivers.
A goblin comes into view. It is wielding a +2 dagger of venom.
The endoplasm freezes you.
You are frozen.
You hit the endoplasm but do no damage. You squeeze the endoplasm.
You kill the endoplasm!
The goblin hits you with a +2 dagger of venom.
You are lethally poisoned!
You closely miss the goblin. You grab the goblin.
Your squeeze misses the goblin. You constrict the goblin.
You kill the goblin!
* * * LOW HITPOINT WARNING * * *
You feel very sick.
You are too injured to fight recklessly!
You are too injured to fight recklessly!
There is a lethal amount of poison in your body!
There is a lethal amount of poison in your body!
* * * LOW HITPOINT WARNING * * *
You feel sick.
Things that are here:
a +2 dagger of venom; a goblin corpse
* * * LOW HITPOINT WARNING * * *
You feel sick.
* * * LOW HITPOINT WARNING * * *
You feel sick.
There is a lethal amount of poison in your body!
There is a lethal amount of poison in your body!
* * * LOW HITPOINT WARNING * * *
You feel sick.
You die...

#.........#.###.###.#
#.........+.........#
#.........#.###.#####
#.##.##.###.# #.# #.
#. #.# #.# #.# # #.
#.# #.#+##### ). #.#
#........ #....####
#@....# # #.#+#....
#.....### #.....#
......# ##.....#
......# #.....#
....#.#


There were no monsters in sight!

Vanquished Creatures
  2 endoplasms (D:1)
  2 goblins (D:1)
  A hobgoblin (D:1)
  A quokka (D:1)
  A kobold (D:1)
  A rat (D:1)
8 creatures vanquished.

Notes
Turn   | Place    | Note
-------+----------+-------------------------------------------
     0 | D:1      | Zeld the Octopode Fighter began the quest for the Orb.
     0 | D:1      | Reached XP level 1. HP: 16/16 MP: 1/1
   255 | D:1      | Found Axzuman's Armour Shoppe.
   278 | D:1      | Reached XP level 2. HP: 17/21 MP: 2/2
   344 | D:1      | HP: 1/21 [poisoned by a goblin]
   345 | D:1      | Succumbed to a goblin's poison

Illustrated notes

Levels and vault maps discovered:
D:1:      minmay_arrival_checkered_box, layout_basic, serial_shops, shop,
          minmay_worlds_worst_comb

Action                   || total
-------------------------++-------
Melee: War axe           ||    15
       Constrict         ||     2
       Tentacles         ||     1
 Stab: Sleeping          ||     2
Armor: Skin              ||     2
Dodge: Dodged            ||     3
Block: Kite shield       ||     4

Table legend: (Time is in decaauts)
 A = Elapsed time spent in this place.
 B = Non-inter-level travel time spent in this place.
 C = Inter-level travel time spent in this place.
 D = Time resting spent in this place.
 E = Time spent auto-exploring this place.
 F = Levels seen in this place.
 G = Mean time per level.
                   A        B        C        D        E       F      G
               +--------+--------+--------+--------+--------+-----+--------+
         Total |    354 |    354 |      0 |      0 |    292 |   1 |  354.0 |
       Dungeon |    354 |    354 |      0 |      0 |    292 |   1 |  354.0 |
               +--------+--------+--------+--------+--------+-----+--------+

Top non-repeatable levels by time:
     D:1: 354 daAuts
